 Dungeon Crawl Stone Soup version 0.25.1-1-g288607f (webtiles) character file.

Game seed: 7263587838799481187

2608 2bobheroes the Ruffian (level 9, -16/84 HPs)
             Began as a Troll Fighter on July 19, 2020.
             Hit by a boomerang thrown by an orc warrior (20 damage)
             ... on level 7 of the Dungeon.
             The game lasted 00:16:27 (5778 turns).

2bobheroes the Ruffian (Troll Fighter)              Turns: 5778, Time: 00:16:27

Health: -16/84     AC:  7    Str: 25 (26) XL:     9   Next: 34%
Magic:  8/8        EV:  8    Int:  2 (4)  God:
Gold:   292        SH: 18    Dex: 10 (12) Spells: 8/8 levels left

rFire    + . .     SeeInvis +     - Unarmed
rCold    + . .     Gourm    +   G - +2 tower shield
rNeg     . . .     Faith    .   y - +5 robe of Night {Dark MR+ SInv}
rPois    +         Spirit   .   (helmet restricted)
rElec    +         Reflect  .   (no cloak)
rCorr    +         Harm     .   (gloves unavailable)
MR       +....                  (boots unavailable)
Stlth    ++........             (no amulet)
HPRegen  0.64/turn              (no ring)
MPRegen  0.11/turn              (no ring)

@: resistant, corroded
A: large, unfitting armour, claws 3, fast metabolism 3, gourmand, high mp 1,
poison resistance, regeneration 1, shaggy fur 1, tough skin 3
a: no special abilities


You were on level 7 of the Dungeon.
You were completely stuffed.

You visited 1 branch of the dungeon, and saw 7 of its levels.

You collected 375 gold pieces.
You spent 83 gold pieces at shops.

Inventory:

Hand Weapons
 w - a +2 antimagic dagger
 B - a +0 broad axe of venom
 F - a +4 great sword of freezing
Missiles
 e - 319 stones
 r - a throwing net
 s - 3 atropa-tipped darts
 x - 2 boomerangs (quivered)
 A - a javelin
Armour
 a - a +2 robe of magic resistance
 y - the +5 robe of Night (worn) {Dark MR+ SInv}
   (You found it on level 4 of the Dungeon)

   It affects your resistance to hostile enchantments.
   It lets you see invisible.
 G - a +2 tower shield (worn)
Jewellery
 E - the ring of Liberty {rPois Str+6 Int+5 Dex+4, unknown}
   (You found it on level 5 of the Dungeon)

   [ring of strength]

   It affects your strength (+6).
   It affects your intelligence (+5).
   It affects your dexterity (+4).
   It protects you from poison.
 I - an uncursed ring of protection from cold {unknown}
Wands
 J - a wand of clouds (4)
Scrolls
 b - a scroll of summoning {unknown}
 f - a scroll of magic mapping {unknown}
 g - 8 scrolls of identify {unknown}
 h - 7 scrolls of remove curse {unknown}
 i - a scroll of immolation {unknown}
 j - a scroll of fog {unknown}
 k - 4 scrolls of enchant armour {unknown}
 o - 4 scrolls of teleportation
 t - 4 scrolls of enchant weapon {unknown}
 u - a scroll of random uselessness {unknown}
 v - 2 scrolls of amnesia {unknown}
 D - a scroll of holy word {unknown}
 K - a scroll of torment {unknown}
Potions
 c - 4 potions of might
 l - 3 potions of mutation
 n - 2 potions of resistance
 p - a potion of haste {unknown}
 q - a potion of cancellation {unknown}
 z - a potion of invisibility {unknown}
 C - a potion of heal wounds {unknown}
Comestibles
 d - 19 rations


   Skills:
 + Level 3.8 Fighting
 + Level 3.8 Throwing
 + Level 4.3 Dodging
 + Level 2.6 Stealth
 * Level 5.8 Shields
 + Level 7.3 Unarmed Combat


You had 8 spell levels left.
You didn't know any spells.
Your spell library was empty.

Dungeon Overview and Level Annotations

Branches:
Dungeon (7/15)             Temple (0/1) D:5

Altars:
Beogh

Shops:
D:5 [%:*

Annotations:
D:3 3 runed translucent doors, Morgon's ghost, amateur KoGl


Innate Abilities, Weirdness & Mutations

You are too large for most types of armour.
You have claws for hands.
Your metabolism is lightning-fast.
You like to eat raw meat.
Your natural rate of healing is unusually fast.
You are covered in fur. (AC +1)
You have extremely tough skin. (AC +3)
You have an increased reservoir of magic. (+10% MP)
Your system is resistant to poisons. (rPois)


Message History

Okay, then.
It was a potion of mutation.
You feel extremely strange.
You feel resistant to poisons.
You feel more energetic.
It was a potion of resistance.
You feel protected.
It was a potion of degeneration.
There was something very wrong with that liquid.
You feel weakened.
You feel dopey.
You feel clumsy.
The orc warrior throws a boomerang.
The boomerang hits you!
* * * LOW HITPOINT WARNING * * *
The weapon returns to the orc warrior!
Okay, then.
Evoke which item? (* to show all) (? for menu, Esc to quit)
Aiming: Cloud Cone
Press: ? - help, Dir - move target cursor, f/p - orc warrior
Aim: an orc warrior, wielding a +1 battleaxe of pain, wearing a +0 chain mail, quivering 5 boomerangs and carrying a wand of acid (3) (severely wounded)
You create a blast of flame!
The orc warrior is engulfed in blazing flames.
The orc warrior throws a boomerang.
The boomerang hits you!!
You die...

[# #.......##### #.#.# #.#
#####.....# #.#.# o. ..........#
#.#÷# )# #######+#.# #.#.#
>###########.#o# #.#.#
.#.........#.#.# #.#.#
.#.........#.#.# #.#.#
o#.........#o#o#############.#.#
.#.........#.#§§@............#.#
.#.........#.##...############.##
.#.........#)##...# #...
.#.........#.###################.
.).....o.....#...................
##.........###....###############
########### #....# ########....#
#........####


You could see an orc warrior.

Vanquished Creatures
  Duvessa (D:4)
  2 orc warriors (D:5)
  A sky beast (D:6)
  An ice beast (D:6)
  A black bear (D:7)
  A necrophage (D:5)
  3 ogres (D:5)
  2 centaurs
  A bullfrog (D:7)
  Dowan (D:4)
  2 scorpions (D:5)
  4 wights (D:6)
  2 howler monkeys
  A bullfrog zombie (D:7)
  4 crimson imps
  5 orc priests
  A hound (D:4)
  2 jellies
  7 orc wizards
  4 worker ants
  An iguana (D:5)
  A hound zombie (D:7)
  2 hound skeletons (D:6)
  2 worker ant zombies
  7 gnolls
  7 adders
  2 shadow imps
  6 worms
  2 dart slugs (D:2)
  4 leopard geckos
  40 orcs
  3 giant cockroaches (D:2)
  11 goblins
  6 hobgoblins
  7 jackals
  3 quokkas
  2 ball pythons
  4 bats
  7 frilled lizards
  A jackal zombie (D:7)
  4 kobolds
  A leopard gecko skeleton (D:7)
  7 rats
176 creatures vanquished.

Notes
Turn   | Place    | Note
-------+----------+-------------------------------------------
     0 | D:1      | 2bobheroes the Troll Fighter began the quest for the Orb.
     0 | D:1      | Reached XP level 1. HP: 22/22 MP: 0/0
   705 | D:2      | Reached XP level 2. HP: 14/29 MP: 1/1
   999 | D:2      | Reached XP level 3. HP: 34/36 MP: 2/2
  1364 | D:3      | Reached XP level 4. HP: 41/44 MP: 3/3
  1455 | D:3      | Reached skill level 1 in Throwing
  1455 | D:3      | Reached skill level 3 in Unarmed Combat
  1559 | D:3      | Reached XP level 5. HP: 45/50 MP: 4/4
  1633 | D:3      | Found a runed translucent gate.
  1635 | D:3      | Found a runed translucent gate.
  1635 | D:3      | Found a runed translucent gate.
  1637 | D:3      | Noticed Morgon's ghost (amateur KoGl)
  2048 | D:4      | Reached skill level 4 in Unarmed Combat
  2147 | D:4      | Found the +5 robe of Night {Dark MR+ SInv}
  2175 | D:4      | Reached XP level 6. HP: 59/59 MP: 5/5
  2193 | D:4      | Noticed Duvessa
  2193 | D:4      | Noticed Dowan
  2219 | D:4      | Killed Duvessa
  2219 | D:4      | Reached skill level 1 in Stealth
  2233 | D:4      | Killed Dowan
  2328 | D:4      | Reached skill level 5 in Unarmed Combat
  2760 | D:5      | Entered Level 5 of the Dungeon
  2820 | D:5      | Found Zossefot's General Store.
  2826 | D:5      | Reached XP level 7. HP: 63/66 MP: 6/6
  2834 | D:5      | Bought 2 javelins for 17 gold pieces
  2834 | D:5      | Bought 3 scrolls of noise for 33 gold pieces
  2834 | D:5      | Bought a scroll of teleportation for 33 gold pieces
  2955 | D:5      | Reached skill level 6 in Unarmed Combat
  3216 | D:5      | Found a staircase to the Ecumenical Temple.
  3220 | D:5      | Reached XP level 8. HP: 74/74 MP: 7/7
  3407 | D:5      | Found a runed translucent door.
  3530 | D:5      | Found Xuomm's Antique Armour Emporium.
  3533 | D:5      | Found Naump's Food Emporium.
  3533 | D:5      | Found Xihaarph's Book Emporium.
  3533 | D:5      | Found Jaupto's Antique Armour Emporium.
  3798 | D:5      | Got a scintillating pewter ring
  4213 | D:5      | Reached skill level 5 in Shields
  4265 | D:5      | Found a roughly hewn altar of Beogh.
  4586 | D:6      | Reached skill level 7 in Unarmed Combat
  4623 | D:6      | Reached XP level 9. HP: 83/83 MP: 8/8
  5775 | D:7      | Gained mutation: Your system is resistant to poisons.
                  | (rPois) [potion of mutation]
  5775 | D:7      | Gained mutation: You have an increased reservoir of magic.
                  | (+10% MP) [potion of mutation]
  5777 | D:7      | HP: 3/84 [orc warrior/boomerang (11)]
  5778 | D:7      | Hit by a boomerang thrown by an orc warrior

Illustrated notes

Levels and vault maps discovered:
D:1:      dpeg_arrival_rooms_b, layout_basic
D:2:      layout_rooms
D:3:      layout_rooms, ebering_ghost_rock_garden, first_ration
D:4:      minmay_door_path, layout_basic, uniq_duvessa
D:5:      minmay_recursive_quarters, layout_loops_corners,
          minmay_temple_entry_slanted, serial_shops, shop_fountains,
          minmay_shop_grid_forest, lightli_church_of_beogh
D:6:      layout_loops_cross, chequers_serial_rivers_large_a
D:7:      minmay_evil_eye, layout_basic, uniq_crazy_yiuf_cottage, uniq_menkaure,
          uniq_pikel

Skill      XL: |  1  2  3  4  5  6  7  8 |
---------------+-------------------------+-----
Shields        | 3 4 5 |  5.8
Throwing       | 1 2 3 |  3.8
Unarmed Combat | 3 4 5 6 7 |  7.3
Dodging        | 3 4 |  4.3
Stealth        | 1 2 |  2.6
Fighting       | 3 |  3.8

Action                   |  1- 3 |  4- 6 |  7- 9 || total
-------------------------+-------+-------+-------++-------
Melee: Unarmed           |   136 |   137 |   303 ||   576
Throw: Boomerang         |       |       |    16 ||    16
       Dart              |       |       |     4 ||     4
       Stone             |       |       |     2 ||     2
       Javelin           |       |       |     1 ||     1
Evoke: Wand              |       |       |     1 ||     1
  Use: Potion            |       |     1 |     3 ||     4
 Stab: Sleeping          |     2 |     2 |     2 ||     6
  Eat: Chunk             |    18 |    14 |    27 ||    59
Armor: Robe              |    42 |    43 |    55 ||   140
Dodge: Dodged            |    48 |    33 |    71 ||   152
Block: Kite shield       |    47 |    55 |    58 ||   160
       Tower shield      |       |       |   103 ||   103
